 Dungeon Crawl Stone Soup version 0.31-a0-188-g5e087ee2ca (webtiles) character file.

Game seed: 8697140050374574029

665 qw the Skirmisher (level 7, -5/40 HPs)
             Began as a Deep Elf Hunter on June 22, 2023.
             Slain by an iguana (12 damage)
             ... on level 5 of the Dungeon.
             The game lasted 00:01:23 (3924 turns).

qw the Skirmisher (Deep Elf Hunter)                 Turns: 3924, Time: 00:01:24

Health: -5/40      AC:  7    Str: 10    XL:     7   Next: 31%
Magic:  9/9        EV: 11    Int: 14    God:
Gold:   191        SH:  0    Dex: 18    Spells: 6/6 levels left

rFire   . . .        Y - +1 shortbow
rCold   . . .        (shield currently unavailable)
rNeg    . . .        f - +0 ring mail
rPois   .            (no helmet)
rElec   .            k - +0 cloak
rCorr   .            h - +0 pair of gloves
SInv    .            (no boots)
Will    .....        (no amulet)
Stlth   +            (no ring)
HPRegen 0.26/turn    (no ring)
MPRegen 0.11/turn

%: no passive effects
@: no status effects
A: no striking features
a: no special abilities


You were on level 5 of the Dungeon.
You visited 1 branch of the dungeon, and saw 5 of its levels.

You collected 191 gold pieces.


   Skills:
 - Level 2.4 Fighting
 - Level 10.3 Ranged Weapons
 - Level 2.6 Armour
 + Level 2.6 Dodging
 - Level 1.2 Stealth


You had 6 spell levels left.
You didn't know any spells.
Your spell library was empty.

Inventory:

Hand Weapons
 Y - a +1 shortbow (weapon)
Armour
 f - a +0 ring mail (worn)
 h - a +0 pair of gloves (worn)
 k - a +0 cloak (worn)
Scrolls
 a - a scroll of identify
Potions
 b - a potion of haste
 c - 2 potions of mutation
 d - 3 potions of might
 e - a potion of cancellation {unknown}
 g - 3 potions of curing
 i - a potion of magic {unknown}

Dungeon Overview and Level Annotations

Branches:
Dungeon (5/15)
 Temple: D:4-7

Altars:
Elyvilon
Fedhas
Yredelemnul
The Shining One

Annotations:
D:2 1 runed translucent door, Crazy Yiuf
D:3 3 runed translucent doors, qw's ghost, amateur GrFi
D:5 Pikel


Message History

You shoot an arrow. The arrow barely misses the lemure.
The lemure hits you!
You shoot an arrow. The arrow hits the lemure.
The lemure is almost dead.
An iguana comes into view.
The lemure closely misses you.
You shoot an arrow. The iguana hisses angrily.
The arrow hits the lemure.
You kill the lemure!
That felt strangely unrewarding.
You shoot an arrow.
The arrow hits Pikel but does no damage.
Pikel hits you with a +0 whip of flaming.
Pikel burns you.
You shoot an arrow.
The arrow hits Pikel but does no damage.
Pikel hits you with a +0 whip of flaming.
Pikel burns you.
You shoot an arrow. The arrow hits Pikel!
Pikel is moderately wounded.
Pikel completely misses you.
You shoot an arrow.
The arrow hits Pikel but does no damage.
Pikel is moderately wounded.
The iguana hisses menacingly.
The iguana barely misses you.
Pikel hits you with a +0 whip of flaming.
Pikel burns you.
You shoot an arrow. The arrow closely misses Pikel.
The iguana bites you but does no damage.
Pikel hits you with a +0 whip of flaming.
Pikel burns you.
You shoot an arrow. The arrow barely misses Pikel.
The iguana misses you. Pikel closely misses you.
You shoot an arrow. The arrow closely misses Pikel.
The iguana closely misses you. Pikel barely misses you.
You shoot an arrow. The arrow closely misses Pikel.
The iguana closely misses you. Pikel barely misses you. The iguana bites you!
You die...

.### .. ...
... #.. ####.#
.. ..... .
#.#...#### $.
........#
#.####....##
###.....<....#
......l@####.#
#.....#.K555.#
........###..#
#.}.}.#.# #
........#
#.... #.#
..._. ..# ...
#.#


You could see Pikel, 3 lemures and an iguana.

Vanquished Creatures
  Prince Ribbit (D:4)
  A black bear (D:4)
  A lemure (D:5)
  2 scorpions (D:4)
  3 hounds
  Terence (D:3)
  A gnoll (D:1)
  6 adders
  A shadow imp (D:4)
  An ufetubus (D:4)
  A worm (D:2)
  2 dart slugs
  An orc (D:3)
  5 bats
  5 endoplasms
  2 giant cockroaches
  10 goblins
  4 hobgoblins
  6 kobolds
  A quokka (D:4)
  5 ball pythons
  2 frilled lizards
  6 rats
68 creatures vanquished.

Notes
Turn   | Place    | Note
-------+----------+-------------------------------------------
     0 | D:1      | qw the Deep Elf Hunter began the quest for the Orb.
     0 | D:1      | Reached XP level 1. HP: 12/12 MP: 3/3
     0 | D:1      | 0 ||| qw: Version: 0.3-a-9-g12657ce
     0 | D:1      | 0 ||| qw: Game counter: 2813
     0 | D:1      | 0 ||| qw: Always use a shield: true
     0 | D:1      | 0 ||| qw: God list: Okawaru
     0 | D:1      | 0 ||| qw: Allow faded altars: false
     0 | D:1      | 0 ||| qw: Do Orc after D:15 true
     0 | D:1      | 0 ||| qw: Do second Lair branch before Depths: true
     0 | D:1      | 0 ||| qw: Lair rune preference: random
     0 | D:1      | 0 ||| qw: Plans: Normal
     0 | D:1      | 0 ||| PLANNING D:1-11
   152 | D:1      | Found a faded altar of an unknown god.
   171 | D:1      | Reached skill level 6 in Ranged Weapons
   171 | D:1      | Reached XP level 2. HP: 15/16 MP: 4/4
   381 | D:1      | Reached XP level 3. HP: 13/20 MP: 5/5
   738 | D:1      | 738 ||| UPGRADING to +0 ring mail.
   748 | D:1      | 748 ||| DROPPING +0 leather armour.
   749 | D:1      | 749 ||| READING scroll labelled XEOWNE SIAZISS.
   750 | D:1      | 750 ||| READING scroll labelled WAECUXE CIYFAR.
   751 | D:1      | 751 ||| READING 2 scrolls labelled MIREQU SANEQE.
   752 | D:1      | 752 ||| READING scroll labelled OLAFFA VAUT.
   753 | D:1      | 753 ||| READING scroll labelled MAROICV SOGAT.
   754 | D:1      | 754 ||| DROPPING scroll of butterflies.
   755 | D:1      | 755 ||| DROPPING scroll of blinking.
  1031 | D:2      | Reached skill level 7 in Ranged Weapons
  1190 | D:2      | Reached XP level 4. HP: 25/25 MP: 6/6
  1395 | D:2      | Found a runed translucent door.
  1396 | D:2      | Noticed Crazy Yiuf
  1720 | D:2      | 1720 ||| DRINKING 2 blue potions.
  1779 | D:3      | Reached skill level 8 in Ranged Weapons
  1839 | D:3      | Found a blossoming altar of Fedhas.
  1856 | D:3      | Reached XP level 5. HP: 22/29 MP: 7/7
  2036 | D:3      | Noticed Terence
  2052 | D:3      | HP: 6/29 [Terence/+0 short sword (7)]
  2053 | D:3      | Killed Terence
  2178 | D:3      | Found a runed translucent gate.
  2178 | D:3      | Found a runed translucent gate.
  2178 | D:3      | Found a runed translucent gate.
  2179 | D:3      | Noticed qw's ghost (amateur GrFi)
  2368 | D:3      | 2368 ||| READING scroll labelled VUESCHA ECSU.
  2373 | D:3      | 2373 ||| READING scroll labelled RUAGIG QEPT.
  2374 | D:3      | 2374 ||| READING scroll labelled PANTOR CYMEXIE.
  2375 | D:3      | 2375 ||| READING scroll labelled CIKHLU RUCUN.
  2376 | D:3      | 2376 ||| READING 3 scrolls of identify.
  2376 | D:3      | 2376 ||| IDENTIFYING murky cyan potion
  2377 | D:3      | 2377 ||| READING 2 scrolls of identify.
  2377 | D:3      | 2377 ||| IDENTIFYING bubbling dark potion
  2657 | D:4      | Reached skill level 9 in Ranged Weapons
  2677 | D:4      | Reached XP level 6. HP: 27/36 MP: 8/8
  2801 | D:4      | 2801 ||| FLEEEEING.
  2802 | D:4      | 2802 ||| FLEEEEING.
  2810 | D:4      | 2810 ||| FLEEEEING.
  2811 | D:4      | 2811 ||| FLEEEEING.
  2812 | D:4      | 2812 ||| FLEEEEING.
  2815 | D:4      | 2815 ||| FLEEEEING.
  2816 | D:4      | 2816 ||| FLEEEEING.
  2817 | D:4      | 2817 ||| FLEEEEING.
  2820 | D:4      | 2820 ||| FLEEEEING.
  2821 | D:4      | 2821 ||| FLEEEEING.
  2826 | D:4      | 2826 ||| FLEEEEING.
  2827 | D:4      | 2827 ||| FLEEEEING.
  2828 | D:4      | 2828 ||| FLEEEEING.
  2829 | D:4      | 2829 ||| FLEEEEING.
  2830 | D:4      | 2830 ||| FLEEEEING.
  2831 | D:4      | 2831 ||| FLEEEEING.
  3080 | D:4      | HP: 8/36 [scorpion (2)]
  3082 | D:4      | 3082 ||| DRINKING 4 potions of curing.
  3082 | D:4      | 3082 ||| (to cure poison)
  3261 | D:4      | Found a glowing golden altar of the Shining One.
  3264 | D:4      | Noticed an angel
  3297 | D:4      | Reached skill level 10 in Ranged Weapons
  3471 | D:4      | Found a basalt altar of Yredelemnul.
  3689 | D:4      | 3689 ||| UPGRADING to +0 pair of gloves.
  3694 | D:4      | 3694 ||| UPGRADING to +0 cloak.
  3699 | D:4      | 3699 ||| READING 3 scrolls labelled HETO GELECKU.
  3700 | D:4      | 3700 ||| DROPPING 2 scrolls of summoning.
  3710 | D:5      | Entered Level 5 of the Dungeon
  3710 | D:5      | Found a white marble altar of Elyvilon.
  3713 | D:5      | Noticed Prince Ribbit
  3717 | D:5      | 3717 ||| STAIRDANCE
  3734 | D:5      | 3734 ||| STAIRDANCE
  3749 | D:4      | HP: 1/36 [Prince Ribbit (15)]
  3750 | D:4      | Killed Prince Ribbit
  3751 | D:4      | Reached XP level 7. HP: 1/40 MP: 9/9
  3904 | D:5      | Noticed Pikel
  3920 | D:5      | HP: 10/40 [Pikel/+0 whip of flaming (6)]
  3924 | D:5      | Slain by an iguana

Levels and vault maps discovered:
D:1:      kilobyte_arrival_exit_the_forest, layout_basic,
          shapermc_ecumenical_altar_mp_urbaneastern
D:2:      layout_basic, uniq_crazy_yiuf_cottage
D:3:      layout_basic, fedhas_ov_isle_minmay, ebering_ghost_rock_garden,
          uniq_terence
D:4:      layout_gridville, grunt_temple_overflow_holy_war, serial_park_tiny_1,
          minmay_misc_feat_secret_circle, abandoned_shop,
          kennysheep_generic_room_6
D:5:      layout_basic, elyvilon_altar_5, nicolae_qazlal_eye_of_the_storm,
          uniq_pikel, uniq_prince_ribbit1

Skill      XL: |  1  2  3  4  5  6 |
---------------+-------------------+-----
Ranged Weapons | 6 7 8 9 10 | 10.3
Fighting       | 2 |  2.4
Armour         | 2 |  2.6
Dodging        | |  2.6
Stealth        | |  1.2

Action                     |  1- 3 |  4- 6 |  7- 9 || total
---------------------------+-------+-------+-------++-------
   Fire: Shortbow          |    84 |   177 |    21 ||   282
    Use: Scroll            |     5 |     7 |       ||    12
         Potion            |       |     2 |       ||     2
 Armour: Leather armour    |     1 |       |       ||     1
         Ring mail         |     5 |    24 |     4 ||    33
  Dodge: Dodged            |    19 |    43 |    11 ||    73

Table legend:
 A = Non-vault XP
 B = Vault XP
 C = Vault XP percentage of total XP
 D = Non-vault monster count
 E = Vault monster count
 F = Vault count percentage of total count
                 A         B        C        D         E       F
            +---------+---------+-------+---------+---------+-------
      Total |     506 |     445 |  46.8 |      62 |       5 |   7.5
            +---------+---------+-------+---------+---------+-------
        D:1 |      42 |       0 |   0.0 |      16 |       0 |   0.0
        D:2 |      97 |       0 |   0.0 |      25 |       0 |   0.0
        D:3 |      68 |      38 |  35.8 |      10 |       1 |   9.1
        D:4 |     299 |     407 |  57.6 |      11 |       4 |  26.7
            +---------+---------+-------+---------+---------+-------
